MAA
YAKIMA HOPS @ VIRGINIA BEACH DEUCES
09/24/2019
 
TOP OF THE 1ST
Yakima Hops batting - Pitching for Virginia Beach Deuces : RHP Hubert Dunham
Pitching: RHP Hubert Dunham
Batting: SHB Carlos Sánchez 0-0: Fly out, F9 (Flyball, 9M)
Batting: SHB Craig Barnes 0-0: Ball
1-0: Called Strike
1-1: Fly out, F7 (Flyball, 7M)
Batting: RHB Marshall Attwood 0-0: Fly out, F8 (Line Drive, 8LM)
Top of the 1st over - 0 run(s), 0 hit(s), 0 error(s), 0 left on base; Yakima 0 - Virginia Beach 0
BOTTOM OF THE 1ST
Virginia Beach Deuces batting - Pitching for Yakima Hops : LHP Mark Tucker
Pitching: LHP Mark Tucker
Batting: RHB Joel Frazier 0-0: Ball
1-0: Ball
2-0: Foul Ball, location: 2F
2-1: Fly out, F9 (Line Drive, 89M)
Batting: RHB Scott Miller 0-0: Called Strike
0-1: Swinging Strike
0-2: Fly out, F6 (Line Drive, 6)
Batting: RHB Javier Santos 0-0: Ball
1-0: Ball
2-0: Called Strike
2-1: Foul Ball, location: 2F
2-2: Ball
3-2: Base on Balls
Batting: LHB Álex Burgos 0-0: Ball
1-0: Foul Ball, location: 2F
1-1: Ball
Wild Pitch!
Javier Santos to second
2-1: Fly out, F7 (Flyball, 78XD)
Bottom of the 1st over - 0 run(s), 0 hit(s), 0 error(s), 1 left on base; Yakima 0 - Virginia Beach 0
TOP OF THE 2ND
Yakima Hops batting - Pitching for Virginia Beach Deuces : RHP Hubert Dunham
Batting: LHB Jesús Quintanilla 0-0: Called Strike
0-1: Called Strike
0-2: Ball
1-2: Ball
2-2: SINGLE (Flyball, 89S)
Batting: RHB Rafael Najcrea 0-0: Ball
1-0: Ball
2-0: Called Strike
2-1: Swinging Strike
2-2: Strikes out swinging
Batting: RHB Jim Allen 0-0: Foul Ball, location: 2F
0-1: Ball
1-1: SINGLE (Line Drive, 89S)
Jesús Quintanilla to second
Batting: LHB Randy Daugherty 0-0: Ball
Jesús Quintanilla is caught stealing 3rd base
1-0: Fly out, F6 (Popup, 7LSF)
Top of the 2nd over - 0 run(s), 2 hit(s), 0 error(s), 1 left on base; Yakima 0 - Virginia Beach 0
BOTTOM OF THE 2ND
Virginia Beach Deuces batting - Pitching for Yakima Hops : LHP Mark Tucker
Batting: LHB Carl Gore 0-0: Ball
1-0: Ball
2-0: Called Strike
2-1: Ground out 4-3 (Groundball, 4M)
Batting: RHB Álex Escobar 0-0: Ball
1-0: Called Strike
1-1: Ball
2-1: Ball
3-1: Called Strike
3-2: Foul Ball, location: 2F
3-2: Strikes out looking
Batting: RHB Carl Carlson 0-0: Ball
1-0: Fly out, F6 (Line Drive, 6M)
Bottom of the 2nd over - 0 run(s), 0 hit(s), 0 error(s), 0 left on base; Yakima 0 - Virginia Beach 0
TOP OF THE 3RD
Yakima Hops batting - Pitching for Virginia Beach Deuces : RHP Hubert Dunham
Batting: RHB Sergio García 0-0: Foul Ball, location: 2F
0-1: Ball
1-1: Foul Ball, location: 2F
1-2: Ball
2-2: Foul Ball, location: 2F
2-2: Strikes out swinging
Batting: RHB Michael Hart 0-0: Bunt for hit - play at first, batter OUT! 2-4
Batting: SHB Carlos Sánchez 0-0: Called Strike
0-1: Foul Ball, location: 2F
0-2: Strikes out swinging
Top of the 3rd over - 0 run(s), 0 hit(s), 0 error(s), 0 left on base; Yakima 0 - Virginia Beach 0
BOTTOM OF THE 3RD
Virginia Beach Deuces batting - Pitching for Yakima Hops : LHP Mark Tucker
Batting: RHB Marcox Fiadeiro 0-0: Called Strike
0-1: Ball
1-1: Ball
2-1: Bunt for hit - play at first, batter safe!
Batting: RHB Derrek Church 0-0: Called Strike
0-1: Ball
1-1: Foul Ball, location: 2F
1-2: Strikes out looking
Batting: RHB Joel Frazier 0-0: Swinging Strike
0-1: Called Strike
0-2: Foul Ball, location: 2F
0-2: Ball
Marcox Fiadeiro is caught stealing 2nd base
1-2: SINGLE (Groundball, 25) (infield hit)
Batting: RHB Scott Miller 0-0: Ball
1-0: Called Strike
1-1: Foul Ball, location: 2F
1-2: Foul Ball, location: 2F
1-2: SINGLE (Groundball, 56)
Joel Frazier to second
Batting: RHB Javier Santos 0-0: Ball
1-0: Swinging Strike
1-1: Ball
2-1: SINGLE (Groundball, 56D)
Joel Frazier to third
Scott Miller to second
Runner from 3rd tries for Home, SAFE, no throw or cutoff
Batting: LHB Álex Burgos 0-0: Ball
1-0: Called Strike
1-1: Ball
2-1: Foul Ball, location: 2F
2-2: Ground out 5-3 (Groundball, 56)
Bottom of the 3rd over - 1 run(s), 4 hit(s), 0 error(s), 2 left on base; Yakima 0 - Virginia Beach 1
TOP OF THE 4TH
Yakima Hops batting - Pitching for Virginia Beach Deuces : RHP Hubert Dunham
Batting: SHB Craig Barnes 0-0: Called Strike
0-1: Ball
1-1: Foul Ball, location: 2F
1-2: Strikes out swinging
Batting: RHB Marshall Attwood 0-0: Fly out, F8 (Flyball, 8RM)
Batting: LHB Jesús Quintanilla 0-0: Foul Ball, location: 2F
0-1: Ball
1-1: Foul Ball, location: 2F
1-2: Foul Ball, location: 2F
1-2: Ball
2-2: Foul Ball, location: 2F
2-2: Foul Ball, location: 2F
2-2: Ball
3-2: Fly out, F7 (Flyball, 7M)
Top of the 4th over - 0 run(s), 0 hit(s), 0 error(s), 0 left on base; Yakima 0 - Virginia Beach 1
BOTTOM OF THE 4TH
Virginia Beach Deuces batting - Pitching for Yakima Hops : LHP Mark Tucker
Batting: LHB Carl Gore 0-0: Called Strike
0-1: SINGLE (Groundball, 34D) (infield hit)
Batting: RHB Álex Escobar 0-0: Ball
1-0: Foul Ball, location: 2F
1-1: Ball
2-1: Ball
3-1: Base on Balls
Carl Gore to second
Batting: RHB Carl Carlson 0-0: Ball
1-0: Ball
2-0: Ball
3-0: Called Strike
3-1: Base on Balls
Carl Gore to third
Álex Escobar to second
Batting: RHB Marcox Fiadeiro 0-0: Called Strike
0-1: Foul Ball, location: 2F
0-2: Ball
1-2: Fly out, F3 (Popup, 23F)
Pitching: RHP John Adams
Batting: RHB Derrek Church 0-0: Ball
1-0: Called Strike
1-1: Grounds into fielders choice 1-2 (Groundball, 25)
Álex Escobar to third
Carl Carlson to second
Batting: RHB Joel Frazier 0-0: Ball
1-0: Ball
2-0: Ball
3-0: Base on Balls
Álex Escobar scores
Carl Carlson to third
Derrek Church to second
Batting: RHB Scott Miller 0-0: Foul Ball, location: 2F
0-1: Called Strike
0-2: Foul Ball, location: 2F
0-2: Ball
1-2: Strikes out looking
Bottom of the 4th over - 1 run(s), 1 hit(s), 0 error(s), 3 left on base; Yakima 0 - Virginia Beach 2
TOP OF THE 5TH
Yakima Hops batting - Pitching for Virginia Beach Deuces : RHP Hubert Dunham
Batting: RHB Rafael Najcrea 0-0: Ball
1-0: Called Strike
1-1: Ball
2-1: Foul Ball, location: 2F
2-2: Ball
3-2: Strikes out looking
Batting: RHB Jim Allen 0-0: Called Strike
0-1: Swinging Strike
0-2: Hit by Pitch
Batting: LHB Randy Daugherty 0-0: Ball
1-0: Foul Ball, location: 2F
1-1: Ball
2-1: Called Strike
2-2: Foul Ball, location: 2F
2-2: Strikes out swinging
Batting: RHB Sergio García 0-0: Ball
1-0: Called Strike
1-1: Swinging Strike
1-2: Ground out U3 (Groundball, 3)
Top of the 5th over - 0 run(s), 0 hit(s), 0 error(s), 1 left on base; Yakima 0 - Virginia Beach 2
BOTTOM OF THE 5TH
Virginia Beach Deuces batting - Pitching for Yakima Hops : RHP John Adams
Batting: RHB Javier Santos 0-0: Foul Ball, location: 2F
0-1: Ball
1-1: Swinging Strike
1-2: Ball
2-2: Strikes out swinging
Batting: LHB Álex Burgos 0-0: Called Strike
0-1: Swinging Strike
0-2: Ball
1-2: Ball
2-2: Ball
3-2: Strikes out looking
Batting: LHB Carl Gore 0-0: Swinging Strike
0-1: SOLO HOME RUN (Flyball, 89XD), Distance : 422 ft
Batting: RHB Álex Escobar 0-0: Called Strike
0-1: Fly out, F3 (Popup, 3SF)
Bottom of the 5th over - 1 run(s), 1 hit(s), 0 error(s), 0 left on base; Yakima 0 - Virginia Beach 3
TOP OF THE 6TH
Yakima Hops batting - Pitching for Virginia Beach Deuces : RHP Hubert Dunham
Batting: RHB Michael Hart 0-0: Fly out, F8 (Flyball, 8RM)
Batting: SHB Carlos Sánchez 0-0: Foul Ball, location: 2F
0-1: Swinging Strike
0-2: Ball
1-2: Ball
2-2: Foul Ball, location: 2F
2-2: Ball
3-2: Foul Ball, location: 2F
3-2: Base on Balls
Batting: SHB Craig Barnes 0-0: Ball
1-0: Ball
2-0: Foul Ball, location: 2F
2-1: Ball
3-1: SINGLE (Line Drive, 78S)
Carlos Sánchez to second
Batting: RHB Marshall Attwood 0-0: Foul Ball, location: 2F
0-1: Foul Ball, location: 2F
0-2: Foul Ball, location: 2F
0-2: Foul Ball, location: 2F
0-2: Ground out 5-3 (Groundball, 15S)
Carlos Sánchez to third
Craig Barnes to second
Batting: LHB Jesús Quintanilla 0-0: Ball
1-0: Ball
2-0: Foul Ball, location: 2F
2-1: Swinging Strike
2-2: Foul Ball, location: 2F
2-2: SINGLE (Flyball, 9LS)
Carlos Sánchez scores
Craig Barnes to third
Runner from 3rd tries for Home, SAFE, no throw or cutoff
Batting: RHB Rafael Najcrea 0-0: Called Strike
0-1: Ball
1-1: Foul Ball, location: 2F
1-2: Strikes out swinging
Top of the 6th over - 2 run(s), 2 hit(s), 0 error(s), 1 left on base; Yakima 2 - Virginia Beach 3
BOTTOM OF THE 6TH
Virginia Beach Deuces batting - Pitching for Yakima Hops : RHP John Adams
Batting: RHB Carl Carlson 0-0: Foul Ball, location: 2F
0-1: Foul Ball, location: 2F
0-2: Strikes out swinging
Pitching: RHP Sean Sanford
Batting: RHB Marcox Fiadeiro 0-0: Ball
1-0: Swinging Strike
1-1: Ball
2-1: Swinging Strike
2-2: Foul Ball, location: 2F
2-2: Strikes out swinging
Batting: RHB Derrek Church 0-0: Foul Ball, location: 2F
0-1: Foul Ball, location: 2F
0-2: Ball
1-2: Foul Ball, location: 2F
1-2: Foul Ball, location: 2F
1-2: Foul Ball, location: 2F
1-2: Ball
2-2: Strikes out looking
Bottom of the 6th over - 0 run(s), 0 hit(s), 0 error(s), 0 left on base; Yakima 2 - Virginia Beach 3
TOP OF THE 7TH
Yakima Hops batting - Pitching for Virginia Beach Deuces : RHP Hubert Dunham
Batting: RHB Jim Allen 0-0: Ball
1-0: Ball
2-0: Called Strike
2-1: Swinging Strike
2-2: Ball
3-2: Foul Ball, location: 2F
3-2: Ground out 6-3 (Groundball, 6S)
Batting: LHB Randy Daugherty 0-0: Called Strike
0-1: Ball
1-1: DOUBLE (Flyball, 7LM)
Batting: RHB Sergio García 0-0: Foul Ball, location: 2F
0-1: Fly out, F6 (Line Drive, 56)
Pinch Hitting: RHB Jim Unknown 0-0: Foul Ball, location: 2F
0-1: Ball
1-1: Foul Ball, location: 2F
1-2: Strikes out looking
Top of the 7th over - 0 run(s), 1 hit(s), 0 error(s), 1 left on base; Yakima 2 - Virginia Beach 3
BOTTOM OF THE 7TH
Virginia Beach Deuces batting - Pitching for Yakima Hops : RHP Sean Sanford
Now at 1B: Jim Unknown
Batting: RHB Joel Frazier 0-0: Ball
1-0: Ball
2-0: Called Strike
2-1: SINGLE (Line Drive, 4D)
Batting: RHB Scott Miller 0-0: Bunted foul
0-1: Bunted foul
0-2: Ball
1-2: Foul Ball, location: 2F
1-2: Ball
2-2: Fly out, F5 (Line Drive, 5S)
Batting: RHB Javier Santos 0-0: Ball
1-0: Ball
2-0: Called Strike
2-1: Foul Ball, location: 2F
2-2: Strikes out looking
Batting: LHB Álex Burgos 0-0: Ball
Joel Frazier steals 2nd base
1-0: Ground out 4-3 (Groundball, 4)
Bottom of the 7th over - 0 run(s), 1 hit(s), 0 error(s), 1 left on base; Yakima 2 - Virginia Beach 3
TOP OF THE 8TH
Yakima Hops batting - Pitching for Virginia Beach Deuces : RHP Hubert Dunham
Pitching: LHP Roberto Aguirre
Batting: SHB Carlos Sánchez 0-0: Called Strike
0-1: Fly out, F8 (Flyball, 8LM)
Pitching: RHP Ademar Sant' Ana
Batting: SHB Craig Barnes 0-0: Ball
1-0: Swinging Strike
1-1: Foul Ball, location: 2F
1-2: Ball
2-2: Strikes out swinging
Batting: RHB Marshall Attwood 0-0: Foul Ball, location: 2F
0-1: Ball
1-1: Ball
2-1: Called Strike
2-2: Ground out 6-3 (Groundball, 56D)
Top of the 8th over - 0 run(s), 0 hit(s), 0 error(s), 0 left on base; Yakima 2 - Virginia Beach 3
BOTTOM OF THE 8TH
Virginia Beach Deuces batting - Pitching for Yakima Hops : RHP Sean Sanford
Batting: LHB Carl Gore 0-0: Called Strike
0-1: Ball
1-1: SINGLE (Groundball, 6MD)
Pitching: RHP Steve Bryan
Batting: RHB Álex Escobar 0-0: Swinging Strike
0-1: Ball
1-1: Sac Bunt - play at first, batter OUT! 1-4
Carl Gore to second
Batting: RHB Carl Carlson 0-0: Intentional Walk
Pinch Hitting: LHB Jim Unknown 0-0: Foul Ball, location: 2F
0-1: Called Strike
0-2: Ball
1-2: Ball
2-2: Ball
3-2: Base on Balls
Carl Gore to third
Carl Carlson to second
Pinch Hitting: RHB Lorenzo Ramírez 0-0: Ball
1-0: Ball
2-0: Reached on Error, E7 (Flyball, 7S)
Carl Gore scores
Carl Carlson to third
Jim Unknown to second
Batting: RHB Joel Frazier 0-0: Ball
1-0: Ball
2-0: Called Strike
2-1: Ball
3-1: Called Strike
3-2: SINGLE (Groundball, 4MD)
Carl Carlson scores
Jim Unknown to third
Lorenzo Ramírez to second
Runner from 3rd tries for Home, SAFE, throw made home
Lorenzo Ramírez to third
Joel Frazier to second
Batting: RHB Scott Miller 0-0: Swinging Strike
0-1: Called Strike
0-2: Strikes out swinging
Batting: RHB Javier Santos 0-0: Ball
1-0: Ball
2-0: Called Strike
2-1: Called Strike
2-2: SINGLE (Groundball, 34D)
Lorenzo Ramírez scores
Joel Frazier to third
Runner from 3rd tries for Home, SAFE, no throw or cutoff
Pitching: RHP Oliver Bottcher
Batting: LHB Álex Burgos 0-0: Ball
1-0: Fly out, F9 (Flyball, 89M)
Bottom of the 8th over - 5 run(s), 3 hit(s), 1 error(s), 1 left on base; Yakima 2 - Virginia Beach 8
TOP OF THE 9TH
Yakima Hops batting - Pitching for Virginia Beach Deuces : RHP Ademar Sant' Ana
Now in LF: Travis Brumback
Now in CF: Daryl Lloyd
Batting: LHB Jesús Quintanilla 0-0: DOUBLE (Flyball, 78XD)
Batting: RHB Rafael Najcrea 0-0: DOUBLE (Line Drive, 89M)
Jesús Quintanilla scores
Pitching: RHP Andrés Martínez
Batting: RHB Jim Allen 0-0: Ball
1-0: Called Strike
1-1: Ball
Wild Pitch!
Rafael Najcrea to third
2-1: Ball
3-1: Foul Ball, location: 2F
3-2: Strikes out swinging
Batting: LHB Randy Daugherty 0-0: Ball
1-0: Called Strike
1-1: Ground out 4-3 (Groundball, 4)
Rafael Najcrea scores
Batting: RHB Sergio García 0-0: Foul Ball, location: 2F
0-1: Ball
1-1: Ball
2-1: Foul Ball, location: 2F
2-2: Fly out, F9 (Flyball, 89M)
Top of the 9th over - 2 run(s), 2 hit(s), 0 error(s), 0 left on base; Yakima 4 - Virginia Beach 8
This league is powered by Out of the Park Baseball, the baseball management simulation game for PC, Mac and Linux
Saturday, July 25th, 2015 - OOTP Baseball 15.6 Build 34